 Dungeon Crawl Stone Soup version 0.30.1 (webtiles) character file.

Game seed: 5646516528864280782

21 pablito the Magician (level 2, 0/19 HPs)
             Began as a Demonspawn Hedge Wizard on June 2, 2023.
             Slain by a jackal (3 damage)
             ... on level 1 of the Dungeon on July 3, 2023.
             The game lasted 00:03:46 (493 turns).

pablito the Magician (Demonspawn Hedge Wizard)       Turns: 493, Time: 00:03:47

Health: 0/19       AC:  2    Str: 10    XL:     2   Next: 65%
Magic:  6/6        EV: 12    Int: 15    God:
Gold:   38         SH:  0    Dex: 12    Spells: 6/7 levels left

rFire   . . .        g - staff of poison
rCold   . . .        (no shield)
rNeg    . . .        b - +0 robe
rPois   +            c - +0 hat
rElec   .            (no cloak)
rCorr   .            (no gloves)
SInv    .            (no boots)
Will    .....        (no amulet)
Stlth   ++           (no ring)
HPRegen 0.23/turn    (no ring)
MPRegen 0.10/turn

%: no passive effects
@: no status effects
A: demonic magic 1
a: no special abilities


You were on level 1 of the Dungeon.
You visited 1 branch of the dungeon, and saw 1 of its levels.

You collected 38 gold pieces.

Inventory:

Hand Weapons
 a - a +0 dagger
Missiles
 f - 5 poisoned darts
Armour
 b - a +0 robe (worn)
 c - a +0 hat (worn)
Magical Staves
 g - a staff of poison (weapon)
Scrolls
 h - a scroll of identify {unknown}
Potions
 d - a potion of magic
 e - a potion of haste {unknown}


   Skills:
 - Level 1.7 Dodging
 + Level 2.2 Stealth
 - Level 3.1 Spellcasting
 - Level 1.3 Conjurations
 - Level 1.3 Summonings
 - Level 0.8 Translocations
 + Level 0.6 Poison Magic
 + Level 0.6 Evocations


You had 6 spell levels left.
You knew the following spells:

 Your Spells              Type           Power      Damage    Failure   Level
a - Magic Dart            Conj           24%        1d4       12%         1

Your spell library contained the following spells:

 Spells                   Type           Power      Damage    Failure   Level
 Call Imp                 Summ           12%        N/A       19%         2
 Slow                     Hex            8%         N/A       21%         1
 Blink                    Tloc           8%         N/A       22%         2
 Cigotuvi's Dreadful Rot  Necr/Pois/Air  8%         N/A       28%         2
 Mephitic Cloud           Conj/Pois/Air  6%         N/A       43%         3


Dungeon Overview and Level Annotations

Branches:
Dungeon (1/15)

Altars:


Innate Abilities, Weirdness & Mutations

Spells you cast may paralyse adjacent enemies.


Message History

The bat misses you.
You closely miss the bat. The bat barely misses you.
The bat closely misses you. The bat misses you.
You hit the bat.
You kill the bat!
The bat hits you but does no damage. The bat hits you.
* * * LOW HITPOINT WARNING * * *
You barely miss the bat. The bat completely misses you.
The bat closely misses you. The bat barely misses you.
You hit the bat.
You kill the bat!
The jackal bites you.
* * * LOW HITPOINT WARNING * * *
You hit the jackal but do no damage.
The jackal bites you but does no damage.
You closely miss the jackal. The jackal misses you. x2
You hit the jackal. Your punch misses the jackal.
The jackal is lightly wounded.
The jackal misses you.
You barely miss the jackal.
The jackal is lightly wounded.
The jackal closely misses you. The jackal misses you.
You closely miss the jackal. The jackal bites you.
* * * LOW HITPOINT WARNING * * *
The jackal bites you but does no damage.
You closely miss the jackal. The jackal closely misses you.
The jackal bites you.
* * * LOW HITPOINT WARNING * * *
You barely miss the jackal. The jackal barely misses you.
You hit the jackal.
The jackal is lightly wounded.
The jackal misses you. The jackal barely misses you.
You barely miss the jackal.
The jackal is lightly wounded.
The jackal closely misses you. The jackal bites you.
* * * LOW HITPOINT WARNING * * *
You closely miss the jackal.
The jackal is lightly wounded.
The jackal bites you.
You die...

##.## #..........####...
##.#.###.##.........##...
##.###.##.##.#####........
#.## ##.......)...........
##.###.#...#..#######.##..
##.#....#....# #.##..
#..###...#.## #.##.. #..#
##.##.# #.##.# #..# #@##.#
#.##.# #..# #h##.####
#.##.# ##.####r##.....
...#.. #....hJg..# #..###
#.####.##.# #.##...##.#
#......# .# #..###.##.#
#..###....####


You could see an endoplasm, 2 jackals, a goblin and a rat.

Vanquished Creatures
  A dart slug (D:1)
  4 ball pythons (D:1)
  3 bats (D:1)
  A giant cockroach (D:1)
  2 goblins (D:1)
  3 jackals (D:1)
  A quokka (D:1)
  A kobold (D:1)
  2 rats (D:1)
18 creatures vanquished.

Notes
Turn   | Place    | Note
-------+----------+-------------------------------------------
     0 | D:1      | pablito the Demonspawn Hedge Wizard began the quest for the
                  | Orb.
     0 | D:1      | Reached XP level 1. HP: 13/13 MP: 4/4
   165 | D:1      | Gained mutation: Spells you cast may paralyse adjacent
                  | enemies. [demonic ancestry]
   165 | D:1      | Reached XP level 2. HP: 6/19 MP: 4/6
   462 | D:1      | Upgraded the game from 0.30.0-20-g3b4254fcbd to 0.30.1
   493 | D:1      | Slain by a jackal

Illustrated notes

Levels and vault maps discovered:
D:1:      noname_arrival_rooms_in_the_neighbourhood, layout_loops_ring

Skill      XL: |  1 |
---------------+----+-----
Stealth        | 2 |  2.2
Dodging        | |  1.7
Spellcasting   | |  3.1
Conjurations   | |  1.3
Summonings     | |  1.3
Translocations | |  0.8
Poison Magic   | |  0.6
Evocations     | |  0.6

Action                     || total
---------------------------++-------
  Melee: Dagger            ||    25
         Staff             ||    51
         Punch             ||     1
   Cast: Magic Dart        ||     7
   Stab: Sleeping          ||     1
         Paralysed         ||     3
 Armour: Robe              ||    23
  Dodge: Dodged            ||    75
